 Dungeon Crawl Stone Soup version 0.28-a0-407-g69098e2f6d (webtiles) character file.

Game seed: 5659216510147402133

56 omnomnOMINOUS the Magician (level 3, 0/24 HPs)
             Began as an Octopode Wanderer on Sept 5, 2021.
             Was a Follower of Wu Jian.
             Slain by an iguana (5 damage)
             ... on level 2 of the Dungeon.
             The game lasted 00:03:42 (1937 turns).

omnomnOMINOUS the Magician (Octopode Wanderer)      Turns: 1937, Time: 00:03:42

Health: 0/24       AC:  1    Str:  8    XL:     3   Next: 95%
Magic:  8/8        EV: 13    Int: 19    God:    Wu Jian [*.....]
Gold:   27         SH:  0    Dex: 10    Spells: 9/10 levels left

rFire   + . .      SeeInvis .   b - +0 whip
rCold   + . .      Faith    .   (no shield)
rNeg    . . .      Spirit   .   (helmet restricted)
rPois   +          Reflect  .   (no amulet)
rElec   +          Harm     .   (no ring)
rCorr   +          Rampage  .   (no ring)
Will    .....                   (no ring)
Stlth   ++........              (no ring)
HPRegen 0.08/turn               (no ring)
MPRegen 0.11/turn               (no ring)
                                (no ring)
                                (no ring)

@: resistant
A: almost no armour, amphibious, 8 rings, camouflage 1, gelatinous body 1,
(nimble swimmer 1), tentacles
a: Renounce Religion


You were on level 2 of the Dungeon.
You worshipped Wu Jian.
Wu Jian was aware of your devotion.
You visited 1 branch of the dungeon, and saw 2 of its levels.

You collected 27 gold pieces.

Inventory:

Hand Weapons
 a - a +0 dagger
 b - a +0 whip (weapon)
Magical Staves
 e - a staff of poison
Jewellery
 h - a ring of protection from cold
Wands
 c - a wand of flame (15)
Scrolls
 d - 2 scrolls of teleportation
 f - 2 scrolls of identify {unknown}
 i - 2 scrolls of amnesia {unknown}
 j - a scroll of noise {unknown}
Potions
 k - a potion of brilliance {unknown}


   Skills:
 + Level 1.7 Fighting
 + Level 1.7 Dodging
 + Level 4.4 Spellcasting
 - Level 2.0 Fire Magic
 - Level 1.0 Earth Magic
 - Level 1.2 Poison Magic
 - Level 2.1 Evocations


You had 9 spell levels left.
You knew the following spells:

 Your Spells              Type           Power      Damage    Failure   Level
a - Apportation           Tloc           8%         N/A       13%         1

Your spell library contained the following spells:

 Spells                   Type           Power      Damage    Failure   Level
 Teleport Other           Tloc           4%         N/A       36%         3


Dungeon Overview and Level Annotations

Branches:
Dungeon (2/15)

Altars:
Wu Jian

Shops:
D:1 [


Innate Abilities, Weirdness & Mutations

You cannot wear most types of armour.
You are amphibious.
You can wear up to eight rings at the same time.
Your skin changes colour to match your surroundings (Stealth+).
Your rubbery body absorbs attacks. (AC +1, EV +1)
((You are camouflaged near water. (Stealth+)))
You have tentacles for arms and can constrict up to eight enemies at once.


Message History

The hobgoblin is heavily wounded.
You constrict the hobgoblin. The rat bites you but does no damage.
The hobgoblin closely misses you.
You hit the hobgoblin.
You kill the hobgoblin!
The Council accepts your kill. The rat closely misses you.
You closely miss the rat. Your grab misses the rat. The rat misses you.
You hit the rat.
You kill the rat!
The Council accepts your kill.
No target in view!
No target in view!
i - 2 scrolls labelled COUROR JAOMPY (gained 1)
k - an orange potion An iguana comes into view.
The iguana hisses angrily.
You hit the iguana but do no damage. You grab the iguana.
You constrict the iguana, but do no damage.
The iguana barely misses you.
You hit the iguana but do no damage. You constrict the iguana.
The iguana misses you.
You completely miss the iguana.
The iguana is lightly wounded.
You constrict the iguana, but do no damage.
The iguana completely misses you. The iguana bites you.
You hit the iguana.
The iguana is moderately wounded.
You constrict the iguana, but do no damage.
The iguana bites you.
You hit the iguana.
The iguana is heavily wounded.
You constrict the iguana. The iguana bites you!
* * * LOW HITPOINT WARNING * * *
You are too injured to fight recklessly!
It was a potion of resistance.
You feel protected.
You constrict the iguana, but do no damage.
The iguana bites you.
You die...

##.## .... ###...##..
## #......#.# # ..
.#......# ..
#.##.......#.
#...l.......
####@.....#####
#......†....... #.
#.###.#.############.
#.###.#..÷.........#.
#.##..........## #<#.
#.......###...# #.#.
####........)## #.#.
#.##.###..# #.#.
...##.# #..# #.#.


You could see an iguana.

Vanquished Creatures
  3 worms (D:2)
  A dart slug (D:1)
  3 bats
  2 endoplasms (D:1)
  2 giant cockroaches (D:1)
  6 goblins
  7 hobgoblins
  4 jackals (D:1)
  A quokka (D:1)
  4 ball pythons (D:1)
  A frilled lizard (D:1)
  4 kobolds
  3 rats
41 creatures vanquished.

Notes
Turn   | Place    | Note
-------+----------+-------------------------------------------
     0 | D:1      | omnomnOMINOUS the Octopode Wanderer began the quest for the
                  | Orb.
     0 | D:1      | omnomnOMINOUS set off with the following items: a +0
                  | dagger, a scroll of teleportation, a wand of flame (15);
                  | and the following spell memorised: Apportation; and the
                  | following spells available to memorise: Teleport Other
     0 | D:1      | Reached XP level 1. HP: 11/11 MP: 5/5
   151 | D:1      | Reached XP level 2. HP: 13/18 MP: 7/7
   167 | D:1      | Reached skill level 1 in Fighting
   496 | D:1      | Reached skill level 1 in Dodging
   523 | D:1      | Reached XP level 3. HP: 13/23 MP: 8/8
   815 | D:1      | Found Bewo's Armour Shoppe.
   867 | D:1      | Found a faded altar of an unknown god.
   886 | D:1      | Became a worshipper of the Wu Jian Council
   886 | D:1      | Reached * piety under Wu Jian
  1937 | D:2      | Slain by an iguana

Illustrated notes

Levels and vault maps discovered:
D:1:      wheals_arrival_linesprint, layout_rooms, serial_shops, shop_statue,
          hellmonk_ecumenical_altar_pennies_from_heaven, bh_walls_and_bars
D:2:      layout_loops_ring

Skill      XL: |  1  2 |
---------------+-------+-----
Fighting       | 1 |  1.7
Dodging        | 1 |  1.7
Spellcasting   | |  4.4
Fire Magic     | |  2.0
Earth Magic    | |  1.0
Poison Magic   | |  1.2
Evocations     | |  2.1

Action                   || total
-------------------------++-------
Melee: Whip              ||   106
       Dagger            ||     7
       Constrict         ||    24
       Tentacles         ||    18
Invok: Lunge             ||     2
       Whirlwind         ||     1
  Use: Potion            ||     2
 Stab: Sleeping          ||     5
Armor: Skin              ||    13
Dodge: Dodged            ||    77

Table legend: (Time is in decaauts)
 A = Elapsed time spent in this place.
 B = Non-inter-level travel time spent in this place.
 C = Inter-level travel time spent in this place.
 D = Time resting spent in this place.
 E = Time spent auto-exploring this place.
 F = Levels seen in this place.
 G = Mean time per level.
                   A        B        C        D        E       F      G
               +--------+--------+--------+--------+--------+-----+--------+
         Total |   1946 |   1878 |     68 |    632 |    939 |   2 |  973.0 |
       Dungeon |   1946 |   1878 |     68 |    632 |    939 |   2 |  973.0 |
               +--------+--------+--------+--------+--------+-----+--------+

Top non-repeatable levels by time:
     D:1: 1220 daAuts
     D:2: 726 daAuts
